AoeStats
← caaruizma

Arena

509772447Analyzed
2v2 RM · 6d ago on Sep 28, 2026· 47m 48s· 4 players
Game mode
Random Map
Map size
Medium (4 player)
Population
200
Speed
Normal
Resources
Standard
Victory
Conquest
Starting age
Dark Age
Ending age
Imperial Age
RankedLock teamsTeams togetherTeam positionsShared explorationLock speedFull tech treeHidden civsTurbo modeCheats
Victory
Defeat
🇨🇴 Turks · Colombia
1113
+16
🇨🇴 Varangians · Colombia
1112
+16
🇺🇸 Franks · United States
1172
-18
🇺🇸 Mongols · United States
1053
-14
cfosorioq
10:35 Feudal Age
15:09 Castle Age
18:42 Loom
29:51 Double-Bit Axe
35:38 Gold Mining
36:26 Wheelbarrow
36:20 Stone Mining
38:51 Bow Saw
39:28 Scale Barding Armor
40:21 Bloodlines
41:08 Husbandry
42:22 Hand Cart
45:24 Imperial Age
44:13 Chain Barding Armor
44:04 Forging
43:59 Horse Collar
45:30 Cavalier
46:47 Iron Casting
46:48 Plate Barding Armor
caaruizma
12:02 Feudal Age
13:18 Double-Bit Axe
16:06 Castle Age
20:27 Imperial Age
20:33 Wheelbarrow
32:41 Horse Collar
35:23 Hand Cart
35:56 Bow Saw
37:15 Padded Archer Armor
45:09 Artillery
46:33 Bombard Tower
Noorda
10:19 Feudal Age
8:35 Loom
13:55 Castle Age
14:13 Double-Bit Axe
23:21 Scale Mail Armor
24:41 Bow Saw
25:02 Squires
27:40 Wheelbarrow
30:17 Imperial Age
28:26 Scale Barding Armor
29:00 Forging
29:36 Husbandry
30:51 Gold Mining
32:00 Chain Barding Armor
31:46 Cavalier
34:06 Plate Barding Armor
36:08 Gold Shaft Mining
37:06 Iron Casting
37:21 Paladin
43:58 Blast Furnace
43:17 Chivalry
Angelix
0:31 Loom
11:41 Feudal Age
13:36 Loom
17:50 Castle Age
17:18 Double-Bit Axe
18:18 Horse Collar
21:41 Gold Mining
22:25 Masonry
25:25 Bow Saw
25:32 Fletching
28:16 Heavy Plow
29:58 Fletching
30:08 Padded Archer Armor
34:01 Imperial Age
39:36 Siege Engineers
46:43 Onager
Connection lost

Rejoining the realm…

Still unreachable

The connection could not be restored.

Session expired

The server has moved on; the page needs a fresh start.